 Dungeon Crawl Stone Soup version 0.30.0-20-g3615ddf2f0 (webtiles) character file.

Game seed: 308996126073533480

12 qw the Shield-Bearer (level 2, 0/19 HPs)
             Began as a Gargoyle Fighter on May 30, 2023.
             Slain by Sigmund
             ... wielding a +0 scythe
              (10 damage)
             ... on level 2 of the Dungeon.
             The game lasted 00:00:21 (1031 turns).

qw the Shield-Bearer (Gargoyle Fighter)             Turns: 1031, Time: 00:00:21

Health: 0/19       AC:  9    Str: 19    XL:     2   Next: 33%
Magic:  2/2        EV:  9    Int:  6    God:
Gold:   38         SH:  4    Dex:  9    Spells: 1/1 levels left

rFire   . . .        Y - +0 war axe
rCold   . . .        c - +0 buckler
rNeg    + . .        b - +0 scale mail
rPois   inf          (no helmet)
rElec   +            (no cloak)
rCorr   .            (no gloves)
SInv    .            (no boots)
Will    +....        (no amulet) Stlth
                     (no ring)
HPRegen 0.23/turn    (no ring)
MPRegen 0.08/turn

%: no passive effects
@: no status effects
A: sickness immunity, AC +2, negative energy resistance 1, electricity
resistance, torment resistance 1, petrification resistance, dopey 1,
strong-willed 1
a: no special abilities


You were on level 2 of the Dungeon.
You visited 1 branch of the dungeon, and saw 2 of its levels.

You collected 38 gold pieces.


Innate Abilities, Weirdness & Mutations

You are immune to sickness and miasma.
Your stone body is resilient. (AC +2)
You are immune to poison.
You resist negative energy. (rN+)
You are resistant to electric shocks. (rElec)
You are resistant to unholy torment.
You are immune to petrification.
You are dopey. (Int -2)
You are strong-willed. (Will+)


   Skills:
 - Level 3.2 Fighting
 + Level 2.6 Axes
 - Level 3.2 Armour
 - Level 3.2 Shields


You had one spell level left.
You didn't know any spells.
Your spell library was empty.

Inventory:

Hand Weapons
 j - a +0 club
 Y - a +0 war axe (weapon)
Armour
 b - a +0 scale mail (worn)
 c - a +0 buckler (worn)
Scrolls
 a - a scroll of vulnerability {unknown}
Potions
 d - 2 potions of might
 g - a potion of flight {unknown}
 h - a potion of heal wounds {unknown}
 l - a potion of lignification {unknown}
 p - 2 potions of curing {unknown}

Dungeon Overview and Level Annotations

Branches:
Dungeon (2/15)

Altars:

Annotations:
D:2 1 runed translucent door, Crazy Yiuf, Sigmund


Message History

You barely miss the endoplasm. The endoplasm barely misses you.
You barely miss the endoplasm.
The endoplasm hits you but does no damage.
You hit the endoplasm.
The endoplasm is heavily wounded.
The endoplasm barely misses you. The endoplasm freezes you.
You are frozen.
You slash the endoplasm!
You kill the endoplasm!
You start resting.
HP restored.
d - 2 potions of might (gained 1)
Found a scroll of magic mapping.
You now have 38 gold pieces (gained 2).
p - 2 lumpy emerald potions (gained 1)
Found a stone staircase leading down.
You see here a scroll of magic mapping.
There is a stone staircase leading down here.
You see here the +5 Force Lance {heavy, knockback}.
a - a scroll labelled OTAARO HUME Sigmund the Dreaded comes into view.
He is wielding a +0 scythe and carrying a wand of flame (10).
Sigmund shouts!
Sigmund gestures wildly while chanting.
Sigmund flickers and vanishes!
Deactivating autopickup; reactivate with Ctrl-A.
You swing at nothing.
You hear a zap.
A puff of flame appears from out of thin air!
The puff of flame hits you.
A magic dart appears from out of thin air!
The magic dart hits you.
You swing at nothing.
You swing at nothing.
Something hits you but does no damage.
You swing at nothing.
Something hits you!
Ouch! That really hurt!
You die...

.. .#+# #. .....#. ?....#.# #
## .....#.####.# #..
...........# #..###..#......#
#.......+..@# #.##...##...# ##
#......##...##77777
...###.##...##....#..7.777 ###
#..................P.7..7#...#
#####.)#....###....PP7777.+...#
.....>....### ##..#P77 77#..)#
#.####.#### ####77 ### #.# #.#


There were no monsters in sight!

Vanquished Creatures
  3 ball pythons (D:1)
  2 endoplasms
  A goblin (D:1)
  A bat (D:1)
  3 frilled lizards (D:1)
  2 rats (D:1)
12 creatures vanquished.

Notes
Turn   | Place    | Note
-------+----------+-------------------------------------------
     0 | D:1      | qw the Gargoyle Fighter began the quest for the Orb.
     0 | D:1      | Reached XP level 1. HP: 14/14 MP: 1/1
     0 | D:1      | 0 ||| qw: Version: 0.2-a-102-g2b76a06
     0 | D:1      | 0 ||| qw: Game counter: 466
     0 | D:1      | 0 ||| qw: Always use a shield: true
     0 | D:1      | 0 ||| qw: God list: Okawaru
     0 | D:1      | 0 ||| qw: Allow faded altars: false
     0 | D:1      | 0 ||| qw: Do Orc after D:15 true
     0 | D:1      | 0 ||| qw: Do second Lair branch before Depths: true
     0 | D:1      | 0 ||| qw: Lair rune preference: random
     0 | D:1      | 0 ||| qw: Plans: Normal, Zot:1-4, Slime:5, God:TSO, Crypt,
                  | Tomb, Pan, Hells, Abyss, Win
     0 | D:1      | 0 ||| PLANNING D:1-11
   398 | D:1      | Reached XP level 2. HP: 19/19 MP: 2/2
   760 | D:1      | 760 ||| READING scroll labelled OXTA SINEJOHO.
   761 | D:1      | 761 ||| READING scroll labelled SEUGIG CAERO.
   762 | D:1      | 762 ||| READING scroll labelled UBRILA DUOSI.
   763 | D:1      | 763 ||| READING scroll labelled WES DIUTTARA.
   767 | D:1      | 767 ||| READING scroll labelled WIORGH YSENERPH.
   868 | D:1      | 868 ||| DRINKING 2 emerald potions.
   869 | D:1      | 869 ||| DRINKING 2 sedimented blue potions.
   869 | D:1      | Gained mutation: You are frail. (-10% HP) [potion of
                  | mutation]
   869 | D:1      | Gained mutation: You have sharp toenails. [potion of
                  | mutation]
   870 | D:1      | 870 ||| DRINKING potion of mutation.
   870 | D:1      | Lost mutation: You have sharp toenails. [potion of
                  | mutation]
   870 | D:1      | Lost mutation: You are frail. (-10% HP) [potion of
                  | mutation]
   870 | D:1      | Gained mutation: You are dopey. (Int -2) [potion of
                  | mutation]
   870 | D:1      | Gained mutation: You are strong-willed. (Will+) [potion of
                  | mutation]
   875 | D:1      | 875 ||| DROPPING potion of invisibility.
   986 | D:2      | Found the +5 Force Lance {heavy, knockback}
  1013 | D:2      | Found a runed translucent door.
  1014 | D:2      | Noticed Crazy Yiuf
  1027 | D:2      | Noticed Sigmund
  1031 | D:2      | Slain by Sigmund

Levels and vault maps discovered:
D:1:      lemuel_arrival_muddy, layout_basic
D:2:      layout_basic, minmay_divided_ellipse, uniq_robin,
          uniq_crazy_yiuf_cottage, uniq_sigmund

Skill      XL: |  1 |
---------------+----+-----
Axes           | 2 |  2.6
Fighting       | |  3.2
Armour         | |  3.2
Shields        | |  3.2

Action                     || total
---------------------------++-------
  Melee: War axe           ||    38
    Use: Scroll            ||     5
         Potion            ||     3
 Armour: Scale mail        ||    16
  Dodge: Dodged            ||    17
  Block: Buckler           ||     9

Table legend:
 A = Non-vault XP
 B = Vault XP
 C = Vault XP percentage of total XP
 D = Non-vault monster count
 E = Vault monster count
 F = Vault count percentage of total count
                 A         B        C        D         E       F
            +---------+---------+-------+---------+---------+-------
      Total |      18 |       0 |   0.0 |      12 |       0 |   0.0
            +---------+---------+-------+---------+---------+-------
        D:1 |      16 |       0 |   0.0 |      11 |       0 |   0.0
        D:2 |       2 |       0 |   0.0 |       1 |       0 |   0.0
            +---------+---------+-------+---------+---------+-------
